 Dungeon Crawl Stone Soup version 0.30.1-6-gbe392663c4 (webtiles) character file.

Game seed: 16462550318237848861

1553 Cheops the Caller (level 8, -1/52 HPs)
             Began as a Merfolk Summoner on Sept 20, 2023.
             Slain by an iguana (7 damage)
             ... on level 5 of the Dungeon.
             The game lasted 00:48:35 (6950 turns).

Cheops the Caller (Merfolk Summoner)                Turns: 6950, Time: 00:48:36

Health: -1/52      AC:  9    Str:  9    XL:     8   Next: 88%
Magic:  4/15       EV: 15    Int: 16    God:
Gold:   221        SH:  0    Dex: 14    Spells: 4/17 levels left

rFire   . . .        b - +0 spear
rCold   + . .        (no shield)
rNeg    . . .        t - +2 leather armour {rC+}
rPois   +            w - +0 helmet
rElec   .            i - +2 cloak {rPois}
rCorr   .            (no gloves)
SInv    .            j - melded +0 pair of boots
Will    .....        (no amulet)
Stlth   +++          (no ring)
HPRegen 0.28/turn    (no ring)
MPRegen 0.14/turn

%: no passive effects
@: about to teleport, very slightly contaminated, invisible, very quick
A: nimble swimmer 2, mertail
a: no special abilities


You were on level 5 of the Dungeon.
You visited 2 branches of the dungeon, and saw 7 of its levels.

You collected 221 gold pieces.

Inventory:

Hand Weapons
 a - a +4 whip
 b - a +0 spear (weapon)
Armour
 i - a +2 cloak of poison resistance (worn)
 j - a +0 pair of boots (melded)
 t - a +2 leather armour of cold resistance (worn)
 w - a +0 helmet (worn)
Magical Staves
 y - a staff of cold
Wands
 z - a wand of iceblast (6)
 A - a wand of mindburst (19)
Scrolls
 e - a scroll of teleportation
 g - a scroll of silence
 m - a scroll of immolation
 n - 3 scrolls of fear
 q - a scroll of enchant weapon {unknown}
 s - 2 scrolls of vulnerability {unknown}
 v - 2 scrolls of amnesia {unknown}
 x - a scroll of torment {unknown}
 B - a scroll of brand weapon {unknown}
Potions
 c - a potion of attraction
 f - 4 potions of curing
 h - 2 potions of magic
 k - a potion of haste
 l - a potion of flight {unknown}
 o - 3 potions of might {unknown}
 p - 2 potions of ambrosia {unknown}
 r - 2 potions of brilliance {unknown}
 u - a potion of resistance


   Skills:
 + Level 4.2 Polearms
 - Level 2.0 Armour
 - Level 2.6 Dodging
 - Level 2.1 Stealth
 - Level 5.0 Spellcasting
 - Level 7.0 Summonings
 - Level 5.0 Air Magic


You had 4 spell levels left.
You knew the following spells:

 Your Spells              Type           Power      Damage    Failure   Level
C - Call Canine Familiar  Summ           26%        N/A       3%          3
G - Summon Guardian Gole  Hex/Summ       15%        N/A       14%         3
I - Call Imp              Summ           52%        N/A       1%          2
L - Summon Lightning Spi  Summ/Air       23%        N/A       17%         4
M - Summon Small Mammal   Summ           100%       N/A       1%          1

Your spell library contained the following spells:

 Spells                   Type           Power      Damage    Failure   Level
 Sandblast                Erth           8%         2d5       21%         1
 Passwall                 Tmut/Erth      3%         N/A       30%         2
 Gell's Gravitas          Tloc           4%         N/A       52%         3
 Hailstorm                Conj/Ice       4%         3d4       52%         3
 Stone Arrow              Conj/Erth      8%         3d7       52%         3
 Teleport Other           Tloc           4%         N/A       52%         3
 Ice Form                 Ice/Tmut       4%         N/A       90%         4
 Dispersal                Tloc           2%         N/A       100%        6
 Simulacrum               Ice/Necr       2%         N/A       100%        6


Dungeon Overview and Level Annotations

Branches:
Dungeon (6/15)             Temple (1/1) D:4

Altars:
Cheibriados
Dithmenos
Hepliaklqana
Kikubaaqudgha
Makhleb
Nemelex Xobeh
Okawaru
Qazlal
Ru
Trog
Wu Jian
Zin
The Shining One

Annotations:
D:3 dig


Innate Abilities, Weirdness & Mutations

You are very nimble when in or above water. (Stealth+, EV+, Speed+++)
Your lower body shifts to a powerful aquatic tail in water.


Message History

Your hound completely misses the iguana.
The iguana barely misses your hound.
Your hound bites the iguana.
Your hound closely misses the iguana.
The iguana closely misses your hound.
Your hound bites the iguana but does no damage.
The iguana closely misses your hound.
Your hound bites the iguana. x2; The iguana bites your hound.
The orc wizard gestures wildly while chanting.
The orc wizard flickers and vanishes!
Deactivating autopickup; reactivate with Ctrl-A.
You feel less confused.
Your hound bites the iguana.
The iguana closely misses your hound.
Casting: Summon Lightning Spire (quite dangerous; 17% risk of failure)
Confirm with . or Enter, or press ? or * to list all spells.
The spell is quite dangerous to miscast (17% risk of failure)!
Continue anyway?
You miscast Summon Lightning Spire.
You are very lightly contaminated with residual magic.
A chorus of moans calls out in your mind.
A nameless horror comes into view.
Your hound completely misses the iguana.
Your hound misses the iguana. The iguana closely misses your hound.
Your hound bites the iguana but does no damage.
The iguana bites your hound but does no damage.
As you read the scroll of teleportation, it crumbles to dust.
You feel strangely unstable.
Your hound closely misses the iguana.
Your hound bites the iguana.
The iguana bites your hound!
Your hound dies!
Your hound's corpse disappears in a puff of smoke!
The iguana hisses angrily.
Your legs become a tail as you enter the water. ...but don't expect to remain undetected.
Your +0 pair of boots melds into your body.
The nameless horror hits you.
* * * LOW HITPOINT WARNING * * *
You feel your power leaking away.
A magic dart appears from out of thin air!
The magic dart hits you.
* * * LOW HITPOINT WARNING * * *
The iguana bites you!
You die...

...##...l.........[........# ####
#.###.###.##.....#.######..# #...
...l..###.##.....#.# ##.###...
###.####...........# #...#...
..........##.....###########.#...
########........{............'...
#...#≈≈.≈≈#.####...##.#...
###<#)≈)X)#.........#..###
###≈≈.≈@######....##.##.
###..8l.# #....##).+. #.#.8_8.#
#....#####. #.#..8..# #....# #.
#.######## #....# #. #........#
#....# ## ####........#
#....###### #...........#
####.......
#.#####+###.###############


You could see a nameless horror and an iguana.

Vanquished Creatures
  An ogre (D:3)
  A scorpion (D:4)
  A killer bee (D:4)
  A jelly (D:5)
  A hound (D:3)
  2 orc priests
  3 adders
  A gnoll (D:4)
  An ufetubus (D:4)
  A worm (D:3)
  A dart slug (D:5)
  5 orcs
  3 bats (D:2)
  4 endoplasms
  2 giant cockroaches
  5 goblins
  3 hobgoblins
  A jackal (D:4)
  3 ball pythons
  A frilled lizard (D:1)
  2 kobolds (D:3)
  A rat (D:3)
44 creatures vanquished.

Vanquished Creatures (collateral kills)
  Sigmund (D:2)
  A water moccasin (D:3)
  A black bear (D:5)
  An ice beast (D:5)
  2 ogres
  A centaur (D:5)
  A scorpion (D:4)
  A howler monkey (D:5)
  3 orc priests
  2 hounds (D:5)
  A gnoll bouda (D:4)
  2 iguanas
  Ijyb (D:5)
  2 orc wizards (D:4)
  3 gnolls (D:4)
  An adder (D:3)
  3 dart slugs (D:4)
  4 orcs (D:4)
  4 ball pythons
  2 bats (D:2)
  2 endoplasms
  A giant cockroach (D:4)
  5 goblins
  2 hobgoblins
  A jackal (D:4)
  2 kobolds
  A quokka (D:3)
  2 frilled lizards (D:2)
  3 rats
56 creatures vanquished.

Vanquished Creatures (others)
  A human (D:3)
  A jackal (D:4)
2 creatures vanquished.

Grand Total: 102 creatures vanquished

Notes
Turn   | Place    | Note
-------+----------+-------------------------------------------
     0 | D:1      | Cheops the Merfolk Summoner began the quest for the Orb.
     0 | D:1      | Reached XP level 1. HP: 13/13 MP: 3/3
   446 | D:1      | Reached XP level 2. HP: 16/19 MP: 1/5
   658 | D:1      | Learned a level 2 spell: Call Imp
  1022 | D:2      | Reached XP level 3. HP: 23/24 MP: 4/6
  1026 | D:2      | Learned a level 3 spell: Call Canine Familiar
  1067 | D:2      | Reached skill level 5 in Summonings
  1098 | D:2      | Noticed Sigmund
  1317 | D:2      | Killed Sigmund
  1318 | D:2      | Reached skill level 6 in Summonings
  1318 | D:2      | Reached XP level 4. HP: 30/30 MP: 4/7
  1318 | D:2      | Reached XP level 5. HP: 35/35 MP: 4/8
  1669 | D:3      | Found a bloodstained altar of Trog.
  1913 | D:3      | Found an ancient bone altar of Kikubaaqudgha.
  1913 | D:3      | Noticed a human
  1917 | D:3      | Killed a human
  2002 | D:3      | Reached skill level 7 in Summonings
  2045 | D:3      | Noticed a water moccasin
  2064 | D:3      | Reached XP level 6. HP: 35/41 MP: 5/9
  2570 | D:4      | Found a snail-covered altar of Cheibriados.
  2711 | D:3      | Killed a water moccasin
  2712 | D:3      | Reached skill level 1 in Armour
  2720 | D:3      | HP: 2/41 [poisoned by a water moccasin]
  2893 | D:3      | Found a faded altar of an unknown god.
  2936 | D:3      | Found a glowing silver altar of Zin.
  3130 | D:3      | Reached XP level 7. HP: 46/46 MP: 11/11
  3135 | D:3      | Learned a level 4 spell: Summon Lightning Spire
  3283 | D:4      | Reached skill level 1 in Air Magic
  4078 | D:4      | Found a staircase to the Ecumenical Temple.
  4107 | D:4      | Found an ornate altar of the Wu Jian Council.
  4816 | D:4      | Reached XP level 8. HP: 52/52 MP: 7/13
  5027 | D:3      | Learned a level 3 spell: Summon Guardian Golem
  5337 | D:5      | Entered Level 5 of the Dungeon
  5359 | Temple   | Entered the Ecumenical Temple
  5864 | D:5      | Found an iron altar of Okawaru.
  6075 | D:5      | Reached skill level 5 in Air Magic
  6349 | D:5      | Noticed Ijyb
  6353 | D:5      | Killed Ijyb
  6792 | D:5      | Reached skill level 5 in Spellcasting
  6947 | D:5      | Noticed a nameless horror
  6950 | D:5      | Slain by an iguana

Illustrated notes

Levels and vault maps discovered:
D:1:      dpeg_arrival_simpleton_b, layout_rooms
D:2:      layout_basic, grunt_ministairs_2, uniq_sigmund
D:3:      layout_loops_corners, mainiacjoe_overflow_cross_hatched,
          tgw_kikubaaqudgha, zin_treasury, ebering_ecumenical_altar_webs,
          kennysheep_another_room, kennysheep_decorative_pillar
D:4:      minmay_razor_zed, layout_basic, kennysheep_slug_shrine,
          kennysheep_mini_moat, temple_fountains
D:5:      layout_basic, kennysheep_okawaru_gauntlet, minmay_misc_feat_rows,
          minmay_misc_feat_enclosed, uniq_ijyb
D:6:      layout_basic, mainiacjoe_overflow_concentric_impassable,
          mainiacjoe_overflow_paths
Temple:   nicolae_temple_ecumenical_triangle

Skill      XL: |  1  2  3  4  5  6  7  8 |
---------------+-------------------------+-----
Summonings     | 6 7 |  7.0
Spellcasting   | 3 5 |  5.0
Armour         | 2 |  2.0
Polearms       | 2 4 |  4.2
Air Magic      | 4 5 |  5.0
Dodging        | |  2.6
Stealth        | |  2.1

Action                     |  1- 3 |  4- 6 |  7- 9 || total
---------------------------+-------+-------+-------++-------
  Melee: Whip              |    49 |    39 |       ||    88
         Unarmed           |     4 |       |       ||     4
         Spear             |       |    22 |   189 ||   211
         Tailslap          |       |     4 |       ||     4
         Punch             |       |       |     1 ||     1
   Cast: Summon Small Mamm |    23 |     1 |     3 ||    27
         Call Imp          |     4 |     2 |    11 ||    17
         Call Canine Famil |     1 |    11 |    21 ||    33
         Summon Lightning  |       |       |     5 ||     5
    Use: Scroll            |     6 |     3 |     3 ||    12
         Potion            |       |       |     2 ||     2
   Stab: Invisible         |       |       |     3 ||     3
         Distracted        |       |       |     6 ||     6
         Sleeping          |       |       |     1 ||     1
 Armour: Robe              |     3 |       |       ||     3
         Leather armour    |    30 |    13 |    85 ||   128
  Dodge: Dodged            |    48 |    29 |   141 ||   218
